 Dungeon Crawl Stone Soup version 0.29.1-12-g30fa7ad0bf (webtiles) character file.

Game seed: 5484728621986820825

680 wormed the Cudgeller (level 7, -9/55 HPs)
             Began as a Demonspawn Fighter on Dec 22, 2022.
             Killed by divine providence
             ... invoked by an orc priest
              (13 damage)
             ... on level 4 of the Dungeon.
             The game lasted 00:04:36 (3402 turns).

wormed the Cudgeller (Demonspawn Fighter)           Turns: 3402, Time: 00:04:36

Health: -9/55      AC: 12    Str: 19    XL:     7   Next: 34%
Magic:  7/7        EV:  9    Int:  9    God:
Gold:   153        SH:  5    Dex: 12    Spells: 6/6 levels left

rFire   . . .      SeeInvis .   p - +1 whip (venom)
rCold   . . .      Faith    .   c - +0 buckler
rNeg    + . .      Spirit   .   b - +0 scale mail
rPois   .          Reflect  .   (helmet restricted)
rElec   .          Harm     .   j - +0 cloak
rCorr   .          Rampage  .   s - +0 pair of gloves
Will    +....                   (no boots)
Stlth   ..........              (no amulet)
HPRegen 0.18/turn               e - ring of positive energy
MPRegen 0.10/turn               m - ring of willpower

@: no status effects
A: antennae 1, icy blue scales 2
a: no special abilities


You were on level 4 of the Dungeon.
You visited 1 branch of the dungeon, and saw 4 of its levels.

You collected 153 gold pieces.

Inventory:

Hand Weapons
 p - a +1 whip of venom (weapon)
Armour
 b - a +0 scale mail (worn)
 c - a +0 buckler (worn)
 j - a +0 cloak (worn)
 s - a +0 pair of gloves (worn)
Jewellery
 e - a ring of positive energy (left hand)
 m - a ring of willpower (right hand)
Scrolls
 a - 2 scrolls of summoning
 g - a scroll of magic mapping {unknown}
 h - a scroll of torment {unknown}
 k - a scroll of vulnerability {unknown}
 l - a scroll of immolation {unknown}
 o - 3 scrolls of teleportation {unknown}
 q - a scroll of identify {unknown}
Potions
 d - 3 potions of might
 f - 4 potions of attraction {unknown}
 i - a potion of mutation {unknown}
 n - a potion of curing {unknown}
 r - a potion of magic {unknown}


   Skills:
 + Level 4.6 Fighting
 * Level 5.0 Maces & Flails
 + Level 4.2 Armour
 + Level 4.2 Shields


You had 6 spell levels left.
You didn't know any spells.
Your spell library was empty.

Dungeon Overview and Level Annotations

Branches:
Dungeon (4/15)
 Temple: D:4-7

Altars:
Hepliaklqana
Nemelex Xobeh
Sif Muna


Innate Abilities, Weirdness & Mutations

You have a pair of small antennae on your head.
You are mostly covered in icy blue scales. (AC +3)


Message History

The ogre misses you.
You kill the ogre!
Your Maces & Flails skill increases to level 5!
The orc priest miscasts a cantrip.
The orc priest mumbles some strange prayers to Beogh against you.
Beogh smites you!
* * * LOW HITPOINT WARNING * * *
The orc priest begins to cast a cantrip, but forgets the words!
As you read the scroll of summoning, it crumbles to dust.
Wisps of shadow whirl around you... The orc priest barely misses your orc.
The orc priest barely misses something.
The orc priest hits your orc with a +0 hand axe.
The orc priest hits something with a +0 hand axe.
Your orc hits the orc priest with a +0 dagger.
The orc priest hits your orc wizard with a +0 mace.
The orc priest hits your orc with a +0 hand axe.
Your orc dies!
Your orc's corpse dissolves into shadows!
Your orc wizard casts a spell at the orc priest.
The magic dart hits the orc priest!
The orc priest barely misses your orc wizard.
Your quokka bites the orc priest.
Your quokka barely misses the orc priest.
Your orc wizard hits the orc priest but does no damage.
Your quokka bites the orc priest.
The orc priest jeers noisily, as Orcs often do.
The orc priest invokes the aid of Beogh against you.
Your orc wizard writhes in agony!
Your orc wizard dies!
Your orc wizard's corpse dissolves into shadows!
The orc priest barely misses your quokka.
Your quokka closely misses the orc priest.
You swap places.
Something hits your quokka. Something hits your quokka.
Your quokka dies!
Your quokka's corpse dissolves into shadows!
The orc priest invokes the aid of Beogh against you.
Beogh smites you!
You die...

#...<####### ##+#
#..).#
#...##.###.#
.###.##...##.)#
#..†.o.o## #.##
..##)###.###r#####
#.# #.##oo.{or#
####o###.#..####J#
.......#......oo@#
.......###########
.......# ~~.~.
##.#.####~~.~.~~#
#..#.############
.......)..#
##......#.#
.o.....##)#
##..<####†#


You could see an orc priest, a friendly jelly (summoned), 2 friendly orcs and a
friendly quokka (summoned).

Vanquished Creatures
  Sigmund (D:3)
  An ogre (D:4)
  A phantom (D:4)
  Blork the orc (D:4)
  A howler monkey (D:4)
  2 jellies (D:4)
  2 hounds (D:3)
  Natasha (D:4)
  A gnoll (D:3)
  4 adders
  An ufetubus (D:4)
  A dart slug (D:1)
  9 orcs
  3 ball pythons
  5 endoplasms
  5 giant cockroaches
  3 hobgoblins (D:3)
  4 kobolds
  2 quokkas
  4 bats
  5 frilled lizards
  6 goblins
  2 rats (D:1)
65 creatures vanquished.

Vanquished Creatures (others)
  11 fungi (D:4)
11 creatures vanquished.

Grand Total: 76 creatures vanquished

Notes
Turn   | Place    | Note
-------+----------+-------------------------------------------
     0 | D:1      | wormed the Demonspawn Fighter began the quest for the Orb.
     0 | D:1      | Reached XP level 1. HP: 18/18 MP: 1/1
   119 | D:1      | Reached skill level 2 in Maces & Flails
   356 | D:1      | Gained mutation: You have a pair of small antennae on your
                  | head. [demonic ancestry]
   356 | D:1      | Reached XP level 2. HP: 16/24 MP: 2/2
  1488 | D:3      | Found a shimmering blue altar of Sif Muna.
  1489 | D:3      | Found a sparkling altar of Nemelex Xobeh.
  1497 | D:3      | You fall into a shaft and drop 1 floor!
  1514 | D:3      | Reached XP level 3. HP: 27/29 MP: 3/3
  2129 | D:3      | Noticed Sigmund
  2219 | D:3      | Killed Sigmund
  2220 | D:3      | Reached skill level 3 in Maces & Flails
  2220 | D:3      | Reached XP level 4. HP: 28/37 MP: 4/4
  2220 | D:3      | Gained mutation: You are partially covered in icy blue
                  | scales. (AC +2) [demonic ancestry]
  2220 | D:3      | Reached XP level 5. HP: 32/42 MP: 5/5
  2393 | D:3      | Reached XP level 6. HP: 32/48 MP: 6/6
  2549 | D:3      | Reached skill level 4 in Maces & Flails
  2756 | D:3      | Found a hazy altar of Hepliaklqana.
  2842 | D:4      | Noticed Blork the orc
  2854 | D:4      | Killed Blork the orc
  3290 | D:4      | Gained mutation: You are mostly covered in icy blue scales.
                  | (AC +3) [demonic ancestry]
  3290 | D:4      | Reached XP level 7. HP: 45/55 MP: 7/7
  3319 | D:4      | Noticed Natasha
  3336 | D:4      | Killed Natasha
  3376 | D:4      | Reached skill level 5 in Maces & Flails
  3384 | D:4      | HP: 1/55 [orc priest/divine providence (12)]
  3402 | D:4      | Killed from afar by an orc priest

Illustrated notes

Levels and vault maps discovered:
D:1:      erik_arrival_blinker_ship, layout_rooms, due_unseen_surprise
D:2:      layout_basic
D:3:      layout_rooms, elyvilon_altar_3, nzn_hepliaklqana_mist_gate,
          gammafunk_temple_overflow_statue, cheibrodos_gnoll_hut, uniq_sigmund
D:4:      layout_rooms, mainiacjoe_overflow_surrounded_room,
          nicolae_overflow_crystal_walls, mainiacjoe_overflow_tiny_flanked,
          serial_aquarium, aquarium_bridge_straight [aquarium_subvault_bridge,
          aquarium_subvault_window, aquarium_subvault_bridge,
          aquarium_subvault_wall], aquarium_bridge_long_joined
          [aquarium_subvault_balcony, aquarium_subvault_bridge,
          aquarium_subvault_bridge, aquarium_subvault_window,
          aquarium_subvault_bridge, aquarium_subvault_window],
          aquarium_window_1, aquarium_window_2, aquarium_view_2f,
          aquarium_view_2f, aquarium_balcony_3b, aquarium_pool_S, serial_shops,
          shop, uniq_natasha, uniq_blork_the_orc

Skill      XL: |  1  2  3  4  5  6  7 |
---------------+----------------------+-----
Maces & Flails | 2 3 4 5 |  5.0
Armour         | 3 4 |  4.2
Shields        | 3 4 |  4.2
Fighting       | 4 |  4.6

Action                   |  1- 3 |  4- 6 |  7- 9 || total
-------------------------+-------+-------+-------++-------
Melee: Flail             |   116 |       |       ||   116
       Whip              |     8 |   116 |    38 ||   162
  Use: Scroll            |       |       |     1 ||     1
Armor: Scale mail        |    78 |    52 |    18 ||   148
Dodge: Dodged            |    63 |    53 |    25 ||   141
Block: Buckler           |    34 |    27 |     6 ||    67
